Unix NetHack Version 3.7.0-101 Work-in-progress - last build Apr 1 2024 13:39:02 (cf3915abb6dcc6e3362b2b16a766b7b4f6c45fc9,branch:master). Game began 2024-03-16 16:58:03, ended 2024-04-03 13:26:42. dedal, neutral male human Caveman @ @ a --------- |.......|a ----- |.......| ...| H |..@@...|A ---------..-- ------- aA|.......| |.......|...-- --.......-- | |.......|@ | |.......|....---.....%...--|A ----.---- .| |...%.%!%.))[[)%..........||...A.a%a.....| |....)%.|.).)---.........-----...@.a...--- |.......|.$.-- --....)..-- -----|----- ---------..-- ----|---- -.aaa...-- ...| ...------- .1.1%....-- ----- .......%.| ....511...| ...)...%.--.........-- .......%--...%.%.-- ........----%---- ..%......)...... --------------- Dedal the Pioneer St:18/** Dx:23 Co:18 In:23 Wi:23 Ch:18 Neutral S:2626392 Astral Plane $:0 HP:496(534) Pw:207(207) AC:-50 Xp:30/100134494 T:124312 Latest messages: The high priest of Ishtar wields a mace! The mace welds itself to the high priest of Ishtar's hand! The high priest of Ishtar misses! The high priest of Ishtar kicks! The high priest of Ishtar casts a spell at you! You feel momentarily dizzy. The high priest of Ishtar points at you, then curses. The high priest of Ishtar misses! The high priest of Ishtar misses! The high priest of Ishtar points at you, then curses. The high priest of Ishtar points at you, then curses. You kill the giant ant! You hear a chugging sound. The high priest of Ishtar hits! The high priest of Ishtar kicks! The high priest of Ishtar points at you, then curses. The high priest of Ishtar points at you, then curses. The high priest of Ishtar hits! The high priest of Ishtar kicks! The high priest of Ishtar points at you, then curses. The high priest of Ishtar points at you, then curses. What do you want to invoke? [bdnMPX-Z or ?*] ? You feel the tension decrease around you. You hear a chugging sound. There is a high altar to Ishtar (neutral) here. What do you want to use or apply? [dhjrAGHJKPY or ?*] h You have a little trouble removing an uncursed potion of booze. Continue? [ynq] (q) y You have a little trouble removing e - an uncursed potion of booze. Your movements are slowed slightly because of your load. What do you want to drink? [e or ?*] ? What do you want to drink? [e or ?*] What do you want to drink? [e or ?*] e Ooph! This tastes like liquid fire! Your movements are now unencumbered. You are too impaired to perform the rite. What do you want to use or apply? [dhjrAGHJKPY or ?*] J You feel less confused now. What do you want to sacrifice? [b or ?*] ? What do you want to sacrifice? [b or ?*] b You offer the Amulet of Yendor to Ishtar... An invisible choir sings, and you are bathed in radiance... The voice of Ishtar rings out: "Mortal, thou hast done well!" "In return for thy service, I grant thee the gift of Immortality!" You ascend to the status of Demigod... Do you want your possessions identified? [ynq] (y) y Do you want to see your attributes? [ynq] (y) y Do you want an account of creatures vanquished? [ynaq] (y) y Do you want a list of species genocided and extinct? [ynaq] (y) y Do you want to see your conduct and achievements? [ynq] (y) y Do you want to see the dungeon overview? [ynq] (y) y Inventory: Amulets s - an uncursed amulet of flying C - an uncursed amulet of magical breathing X - the blessed Eye of the Aethiopica (being worn) Weapons Z - the blessed rustproof +2 Magicbane (alternate weapon; not wielded) n - the blessed +7 Grayswandir (weapon in right hand) M - the blessed rustproof +7 Sceptre of Might Armor p - an uncursed greased tempered +5 helm of brilliance (being worn) S - an uncursed fireproof +5 pair of gauntlets of dexterity (being worn) v - an uncursed fireproof +5 pair of water walking boots (being worn) z - a blessed fireproof +5 small shield (being worn) m - a blessed greased fireproof +5 cloak of magic resistance U - an uncursed greased fireproof +5 robe (being worn) F - an uncursed fireproof +5 Hawaiian shirt with a water nymph motif (being worn) Q - a blessed greased +5 silver dragon scale mail (being worn) Spellbooks Y - the uncursed Book of the Dead Rings N - an uncursed ring of conflict g - an uncursed +4 ring of increase damage (on right hand) D - an uncursed ring of levitation a - an uncursed ring of regeneration f - a blessed ring of slow digestion (on left hand) Wands H - a wand of death (1:5) Tools h - a blessed greased bag of holding containing 86 items A - an uncursed oilskin sack containing 2 items j - an uncursed sack containing 1 item P - the Bell of Opening (0:2) d - the uncursed Candelabrum of Invocation (7 of 7 candles, lit) G - an uncursed skeleton key r - an uncursed stethoscope K - an uncursed towel J - a blessed +0 unicorn horn Gems/Stones u - a blessed luckstone Contents of the bag of holding: 396 gold pieces an uncursed amulet of life saving an uncursed amulet of life saving an uncursed amulet of life saving an uncursed amulet of magical breathing a rustproof +5 aklys the blessed rustproof +6 Cleaver an uncursed +0 helm of opposite alignment an uncursed +0 pair of levitation boots a blessed fireproof +5 pair of speed boots an uncursed +0 shield of reflection an uncursed burnt +0 mummy wrapping an uncursed +0 oilskin cloak 9 uncursed lembas wafers 10 uncursed lumps of royal jelly an uncursed sprig of wolfsbane an uncursed homemade tin of Chromatic Dragon meat a blessed tin of displacer beast meat 4 blessed tins of displacer beast meat a blessed tin of genetic engineer meat 3 blessed tins of nurse meat a blessed tin of stalker meat an uncursed scroll of amnesia 13 blessed scrolls of blank paper 7 uncursed scrolls of blank paper 4 cursed scrolls of blank paper 2 blessed scrolls of charging 3 blessed scrolls of earth 2 uncursed scrolls of enchant weapon an uncursed scroll of food detection a blessed scroll of genocide a blessed scroll of remove curse 3 uncursed scrolls of remove curse an uncursed scroll of scare monster an uncursed scroll of teleportation 4 cursed scrolls of teleportation 2 uncursed potions of extra healing 3 uncursed diluted potions of extra healing an uncursed potion of fruit juice 7 blessed diluted potions of full healing an uncursed potion of full healing 3 uncursed potions of healing 7 potions of holy water 3 uncursed potions of water a potion of unholy water an uncursed ring of conflict an uncursed ring of free action an uncursed ring of levitation an uncursed ring of polymorph control an uncursed ring of regeneration an uncursed ring of slow digestion a wand of cold (0:3) a wand of death (0:6) a wand of digging (0:8) a wand of digging (0:8) a wand of digging (0:8) a wand of digging (0:5) a wand of fire (0:4) a wand of fire (0:3) a wand of lightning (0:4) a wand of make invisible (1:13) a wand of opening (0:8) a wand of probing (0:6) a wand of secret door detection (0:13) a wand of secret door detection (0:12) a wand of speed monster (0:5) a wand of speed monster (0:0) a wand of teleportation (0:8) a wand of teleportation (0:6) a wand of teleportation (0:5) a wand of teleportation (0:5) a wand of undead turning (0:7) a wand of wishing (1:2) a wand of wishing (0:2) an uncursed blindfold a can of grease (0:9) a +0 grappling hook a blessed magic marker (0:11) an uncursed magic whistle a blessed rustproof +7 pick-axe a blessed tinning kit (0:57) 10 uncursed diamonds 19 uncursed dilithium crystals 6 uncursed rubies an uncursed sapphire an uncursed touchstone Contents of the sack: a wand of cancellation (0:7) Contents of the oilskin sack: 2 uncursed scrolls of gold detection 2 cursed scrolls of gold detection Dedal the Caveman's attributes: Background: You were a Pioneer, a level 30 human Caveman. You were neutral, on a mission for Ishtar who was opposed by Anu (lawful) and Anshar (chaotic). You were right-handed. You were in the endgame, on the Astral Plane. You entered the dungeon 124312 turns ago. You had 100134494 experience points. Your score was 2626392 before end-of-game adjustments. Basics: You had 496 out of 534 hit points. You had all 207 energy points (spell power). Your armor class was -50. Your wallet was empty, but you had 396 zorkmids stashed away in your pack. Autopickup was off. Final Characteristics: Your strength was 18/100 (limit:18/100). Your dexterity was 23 (base:18, innate limit:18). Your constitution was 18 (limit:18). Your intelligence was 23 (base:18, innate limit:18). Your wisdom was 23 (base:18, innate limit:18). Your charisma was 18 (limit:18). Final Status: You weren't hungry. You were unencumbered. You were wielding a saber. You had basic skill with saber. Final Attributes: You were piously aligned. You were magic-protected. You were fire resistant. You were cold resistant. You were sleep resistant. You were disintegration resistant. You were shock resistant. You were poison resistant. You resisted hallucinations. You saw invisible. You were telepathic. You were warned. You were invisible to others. You could teleport. You had teleport control. You could walk on water. You had slower digestion. You had a moderate damage bonus (+4). You had a moderate defense bonus (+10). You were guarded. You took half spell damage. You were very fast. You had reflection. You were extremely lucky. You had extra luck. Good luck did not time out for you. You survived. Miscellaneous: You never encountered a bones level. Total elapsed playing time was 1 day, 6 hours, 44 minutes and 44 seconds. Major events: Turn 1: dedal the neutral human Caveman entered the dungeon 4: made his first wish - "blessed ring of slow digestion", got "a wire ring" 10293: attained the rank of Aborigine (level 3) 12872: attained the rank of Wanderer (level 6) 13566: made his first artifact wish - "blessed Eye of the Aethiopica", got "a square amulet named the Eye of the Aethiopica" 14218: entered the Gnomish Mines 15701: reached Mine Town 15745: was bestowed with Giantslayer by Ishtar 18022: wished for "blessed greased +3 silver dragon scale mail", got "a greased silver dragon scale mail" 22561: entered Sokoban 22872: completed 1st Sokoban level 23400: completed 2nd Sokoban level 23622: attained the rank of Vagrant (level 10) 23973: completed 3rd Sokoban level 25043: completed 4th Sokoban level 25262: acquired the Sokoban bag of holding 28565: acquired the Mines' End luckstone 32704: wished for "blessed +3 Grayswandir", got "a silver saber named Grayswandir" 32705: wished for "blessed greased rustproof +3 helm of brilliance", got "a greased crystal helmet" 32882: wished for "blessed greased fireproof +3 robe", got "a greased robe" 43688: killed Croesus 45117: attained the rank of Wayfarer (level 14) 45566: killed Medusa 47890: was bestowed with Cleaver by Ishtar 47958: was bestowed with Fire Brand by Ishtar 48985: was bestowed with Frost Brand by Ishtar 57791: was bestowed with Dragonbane by Ishtar 59843: was bestowed with Mjollnir by Ishtar 60154: was bestowed with Trollsbane by Ishtar 62628: was bestowed with Werebane by Ishtar 66610: was bestowed with Magicbane by Ishtar 70457: entered Gehennom 70696: attained the rank of Roamer (level 18) 72842: wished for "blessed spellbook of identify", got "a white spellbook" 73123: wished for "blessed spellbook of polymorph", got "a shining spellbook" 77258: found the Sceptre of Might on the floor 77286: killed the Chromatic Dragon 77359: acquired the Bell of Opening 80852: bribed Asmodeus with 82 zorkmids for safe passage 83449: read a Discworld novel 84510: performed his first genocide (class L) 84510: genocided class ; 86072: killed Juiblex 87247: attained the rank of Nomad (level 22) 89923: bribed Baalzebub with 23 zorkmids for safe passage 92079: genocided class c 92082: genocided master mind flayers 92392: genocided mind flayers 92393: genocided disenchanters 94054: found Sunsword on the floor 94533: destroyed Vlad the Impaler 94534: acquired the Candelabrum of Invocation 96156: killed Yeenoghu 96422: killed Orcus 106492: attained the rank of Rover (level 26) 106555: genocided class e 111759: genocided gremlins 111851: genocided green slimes 111932: genocided energy vortices 114978: attained the rank of Pioneer (level 30) 120169: killed the Wizard of Yendor 120171: acquired the Book of the Dead 120666: performed the invocation 121050: killed the Wizard of Yendor (2nd time) 121241: killed the high priestess of Moloch 121244: acquired The Amulet of Yendor 123221: wished for "blessed magic marker", got "a magic marker" 123258: genocided class N 123645: entered the Elemental Planes 123645: entered Plane of Earth 123646: killed the Wizard of Yendor (3rd time) 123849: entered Plane of Air 124044: killed the Wizard of Yendor (5th time) 124048: entered Plane of Fire 124145: entered Plane of Water 124191: entered the Astral Plane 124232: killed Pestilence 124255: Pestilence has been killed (2nd time) 124292: killed Famine 124312: ascended Vanquished creatures: Orcus Yeenoghu 3 erinyes Juiblex the Wizard of Yendor (5 times) Pestilence (twice) Famine Vlad the Impaler a high cleric a mastodon Medusa Croesus 10 iron golems a master lich 21 storm giants 2 titans 9 glass golems 14 balrogs the Chromatic Dragon 11 purple worms a gray dragon a gold dragon 3 silver dragons 23 red dragons 7 white dragons 6 orange dragons 10 black dragons 6 blue dragons 7 green dragons 4 yellow dragons 35 minotaurs 6 jabberwocks 9 baluchitheria 17 Angels 3 demiliches 11 stone golems 3 master mind flayers 12 Olog-hai 5 Nazgul 20 pit fiends a sandestin 12 hell hounds 9 displacer beasts 9 titanotheres 14 trappers 11 baby red dragons a baby black dragon 4 guardian nagas 10 genetic engineers 5 disenchanters 39 vampire leaders 5 skeletons a guard 25 aligned clerics 8 captains 6 shades 6 liches 13 clay golems 17 nurses 11 ice devils 12 nalfeshnees 11 lurkers above 8 Aleaxes 5 frost giants 12 ettins 5 golden nagas 12 black puddings 30 vampires 12 lieutenants a watch captain 53 ghosts a samurai 7 queen bees 11 winged gargoyles 4 mind flayers 20 giant mimics 34 long worms 22 zruties 9 fire giants 22 ogre tyrants 4 ice trolls 20 rock trolls 15 umber hulks 20 flesh golems 16 elven monarchs 9 doppelgangers 26 hezrous 14 bone devils 14 large mimics 8 wumpuses 16 fire vortices a baby purple worm 12 couatls 32 stalkers 6 air elementals 18 fire elementals 21 earth elementals 4 water elementals 65 hill giants 15 giant mummies 6 black nagas 27 xorns 18 giant zombies 34 elf-nobles 26 sergeants a water demon 5 barbed devils 27 vrocks 12 salamanders 27 wargs 4 winter wolves 24 hell hound pups 34 small mimics 8 glass piercers 11 warhorses 27 steam vortices 33 xans 11 ettin mummies 22 ogre leaders 28 quantum mechanics 26 trolls 7 sasquatches 14 wood golems 10 mariliths 3 djinn 4 sharks 6 electric eels 38 gelatinous cubes 5 pyrolisks 3 large dogs 15 freezing spheres 27 flaming spheres 13 shocking spheres 6 large cats 21 tigers 17 gargoyles 10 dwarf rulers 27 tengu 38 ochre jellies 24 leocrottas 10 energy vortices 13 mountain centaurs 18 stone giants 14 elf mummies 8 human mummies 11 red nagas 8 green slimes 8 pythons 8 pit vipers 13 cobras 60 wraiths 15 carnivorous apes 42 ettin zombies 14 leather golems 28 Grey-elves 120 soldiers 4 watchmen 31 amorous demons 15 horned devils 31 chameleons 12 crocodiles 81 giant beetles 15 quivering blobs 25 cockatrices 46 wolves 26 winter wolf cubs 10 lynxes 14 panthers 48 gremlins 10 spotted jellies 29 leprechauns 15 orc-captains 21 iron piercers 15 mumakil 23 giant spiders 27 scorpions 11 horses 8 ice vortices 25 black lights 22 vampire bats 11 forest centaurs 17 gnome rulers 13 orc mummies 16 dwarf mummies 16 ogres 9 brown puddings 26 rust monsters 37 owlbears 25 yetis 9 gold golems 9 werewolves 40 Green-elves 8 giant eels 62 lizards 24 chickatrices 7 dingoes 5 dogs 6 housecats 19 jaguars 16 dwarf leaders 15 blue jellies 16 white unicorns a gray unicorn 8 black unicorns 25 dust vortices 26 ravens 8 plains centaurs 9 gnome mummies 22 snakes 27 apes 29 human zombies 15 rope golems 46 Woodland-elves 79 soldier ants 61 fire ants 140 bugbears 6 imps 13 lemures 17 quasits 16 wood nymphs 13 water nymphs 17 mountain nymphs 37 Mordor orcs 29 Uruk-hai 10 orc shamans 36 rock piercers 15 rock moles 9 ponies 26 fog clouds 30 yellow lights 9 shriekers 15 violet fungi 36 gnome leaders 15 gnomish wizards 9 kobold mummies a red naga hatchling 2 black naga hatchlings a guardian naga hatchling 15 gray oozes 9 barrow wights 35 elf zombies 12 ghouls 9 straw golems 8 paper golems 2 jellyfish a baby crocodile 116 giant ants 6 little dogs 34 floating eyes 5 kittens 47 dwarves 17 homunculi 8 kobold leaders 6 kobold shamans 88 hill orcs 68 rothes 12 rabid rats 14 centipedes 12 giant bats 12 monkeys 34 orc zombies 31 dwarf zombies 8 wererats 10 werejackals 39 iguanas 130 killer bees 11 acid blobs 5 coyotes 5 gas spores 23 hobbits 20 manes 2 large kobolds 26 hobgoblins 24 giant rats 33 cave spiders 5 brown molds 14 yellow molds 11 green molds 6 red molds 86 gnomes 20 garter snakes 24 gnome zombies 42 geckos 63 jackals 12 foxes 15 kobolds 27 goblins 29 sewer rats 57 grid bugs 9 bats 61 lichens 35 kobold zombies 70 newts 5551 creatures vanquished. Genocided or extinct species: erinyes (extinct) arch-liches krakens master liches demiliches master mind flayers guardian nagas disenchanters liches golden nagas mind flayers black nagas sharks electric eels pyrolisks freezing spheres flaming spheres shocking spheres energy vortices red nagas green slimes soldiers (extinct) cockatrices gremlins piranha giant eels chickatrices bugbears (extinct) red naga hatchlings black naga hatchlings golden naga hatchlings guardian naga hatchlings jellyfish giant ants (extinct) floating eyes killer bees (extinct) gas spores 32 species genocided. 5 species extinct. Voluntary challenges: You read items or engraved 10042 times. You engraved Elbereth 7067 times. You genocided 32 types of monsters. You used 9 wishes (4 for artifacts). You did not violate any of the special Sokoban rules. Achievements: You entered a shop. You attained the rank of Aborigine. You attained the rank of Wanderer. You entered the Gnomish Mines. You entered Minetown. You entered a temple. You entered Sokoban. You attained the rank of Vagrant. You completed Sokoban. You completed the Gnomish Mines. You attained the rank of Wayfarer. You defeated Medusa. You entered Gehennom. You attained the rank of Roamer. You had the Bell of Opening. You read from a Discworld novel. You attained the rank of Nomad. You had the Candelabrum of Invocation. You attained the rank of Rover. You attained the rank of Pioneer. You had the Book of the Dead. You gained access to Moloch's Sanctum. You reached the Elemental Planes. You reached the Astral Plane. You delivered the Amulet of Yendor. You ascended! The Elemental Planes: Astral Plane: <- You are here. Some temples and some altars. Plane of Water: Plane of Fire: Plane of Air: Plane of Earth: The Dungeons of Doom: levels 1 to 25 Level 1: A fountain. One way stairs up to The Elemental Planes. Level 2: Level 3: Some altars to Ishtar. Stairs down to The Gnomish Mines. Level 4: Level 5: Level 6: Many fountains. Level 7: A fountain. Stairs up to Sokoban, level 6. Level 8: An altar. Level 9: An altar, some fountains. Level 10: Some fountains. Level 11: Level 12: Portal to The Quest. Level 13: An altar, a fountain. Portal to Fort Ludios. Level 14: A fountain, many graves. Level 15: A primitive area. Level 16: A temple and an altar to Ishtar. Level 17: Level 18: A sink. Level 19: Level 20: Some graves. Level 21: Level 22: Level 23: Some sinks, a grave. Level 24: Level 25: A fountain. The castle (play 5-note tune to open or close drawbridge). Connection to Gehennom. Gehennom: levels 26 to 47 Level 26: A temple and an altar, many graves. Valley of the Dead. Level 27: Level 28: Level 29: Level 30: Level 31: Level 32: A fountain. Level 33: Level 34: Level 35: Level 36: Level 37: Stairs up to Vlad's Tower, level 36. Level 38: Level 39: Level 40: An altar, many graves. Level 41: Level 42: Level 43: Level 44: Level 45: Level 46: Level 47: A temple and an altar, many graves. Moloch's Sanctum. The Gnomish Mines: levels 4 to 12 Level 4: Level 5: Level 6: A temple and an altar to Ishtar, a fountain. Level 7: Level 8: Level 9: Level 10: Level 11: Level 12: The Quest: levels 1 to 5 Level 1: A temple and an altar to Ishtar. Completed quest for Shaman Karnov. Level 2: Level 3: Level 4: Level 5: Sokoban: levels 6 up to 3 Level 3: Solved. Level 4: Solved. Level 5: Solved. Level 6: Solved. Fort Ludios: Level 1: Vlad's Tower: levels 36 up to 34 Level 34: Level 35: Level 36: Goodbye dedal the Demigod... You went to your reward with 5501934 points, The Candelabrum of Invocation (worth 5000 zorkmids and 12500 points) Cleaver (worth 1500 zorkmids and 3750 points) Grayswandir (worth 8000 zorkmids and 20000 points) The Sceptre of Might (worth 2500 zorkmids and 6250 points) The Bell of Opening (worth 5000 zorkmids and 12500 points) The Eye of the Aethiopica (worth 4000 zorkmids and 10000 points) The Book of the Dead (worth 10000 zorkmids and 25000 points) Magicbane (worth 3500 zorkmids and 8750 points) 19 dilithium crystals (worth 85500 zorkmids), 10 diamonds (worth 40000 zorkmids), 6 rubies (worth 21000 zorkmids), 1 sapphire (worth 3000 zorkmids), 3 amulets of life saving (worth 450 zorkmids), 2 amulets of magical breathing (worth 300 zorkmids), 1 amulet of flying (worth 150 zorkmids), and 396 pieces of gold, after 124312 moves. You were level 30 with a maximum of 534 hit points when you ascended.